 Dungeon Crawl Stone Soup version 0.30-a0-618-gd6c86c23d0 (webtiles) character file.

Game seed: 12654339685933554899

32 wormed the Insei (level 3, 0/23 HPs)
             Began as an Octopode Transmuter on Jan 9, 2023.
             Slain by Natasha (4 damage)
             ... on level 2 of the Dungeon.
             The game lasted 00:01:42 (900 turns).

wormed the Insei (Octopode Transmuter)               Turns: 900, Time: 00:01:43

Health: 0/23       AC:  1    Str:  9    XL:     3   Next: 27%
Magic:  6/7        EV: 13    Int: 17    God:
Gold:   39         SH:  0    Dex: 12    Spells: 4/7 levels left

rFire   . . .      SeeInvis .      - Unarmed
rCold   . . .      Faith    .    (no shield)
rNeg    . . .      Spirit   .    (helmet currently unavailable)
rPois   .          Reflect  .    g - amulet of magic regeneration
rElec   .          Harm     .    (no ring)
rCorr   .          Rampage  .    (no ring)
Will    .....                    (no ring)
Stlth   ++                       (no ring)
HPRegen 0.23/turn                (no ring)
MPRegen 0.50/turn                (no ring)
                                 (no ring)
                                 (no ring)

@: appendages, wereblooded
A: tentacle spike 3, almost no armour, amphibious, 8 rings, camouflage 1,
gelatinous body 1, (nimble swimmer 1), tentacles
a: End Transformation


You were on level 2 of the Dungeon.
One of your tentacles had grown a beastly spike.
You visited 1 branch of the dungeon, and saw 2 of its levels.

You collected 39 gold pieces.

Inventory:

Jewellery
 g - an amulet of magic regeneration (around mantle)
Scrolls
 b - a scroll of noise
Potions
 a - 2 potions of lignification
 c - a potion of attraction
 e - 2 potions of heal wounds


   Skills:
 - Level 1.0 Fighting
 - Level 2.0 Dodging
 - Level 3.0 Unarmed Combat
 + Level 2.7 Spellcasting
 + Level 2.9 Transmutations


You had 4 spell levels left.
You knew the following spells:

 Your Spells              Type           Power      Damage    Failure   Level
a - Beastly Appendage     Tmut           24%        N/A       5%          1
b - Wereblood             Tmut           12%        N/A       9%          2

Your spell library contained the following spells:

 Spells                   Type           Power      Damage    Failure   Level
 Spider Form              Tmut/Pois      7%         N/A       30%         3
 Ice Form                 Ice/Tmut       7%         N/A       69%         4
 Dispersal                Tloc           1%         N/A       100%        6
 Statue Form              Tmut/Erth      4%         N/A       100%        6
 Lehudib's Crystal Spear  Conj/Erth      1%         10d2      100%        8


Dungeon Overview and Level Annotations

Branches:
Dungeon (2/15)

Altars:

Annotations:
D:2 Natasha


Innate Abilities, Weirdness & Mutations

One of your tentacles has grown a beastly spike.
You cannot wear most types of armour.
You are amphibious.
You can wear up to eight rings at the same time.
Your skin changes colour to match your surroundings (Stealth+).
Your rubbery body absorbs attacks. (AC +1, EV +1)
((You are camouflaged when in or above water. (Stealth+)))
You have tentacles for arms and can constrict up to eight enemies at once.


Message History

The rat is severely wounded.
You constrict the rat.
You feel a bit better.
You kill the rat!
You howl as the wereblood boils in your veins!
You see here a rat corpse.
Your transformation is almost over.
Found a ring mail.
You howl as the wereblood boils in your veins!
Your primal bloodlust is almost over.
Your tentacle spike disappears.
Natasha, Servant of Life and Death comes into view.
Found 6 stones.
Natasha hisses angrily.
Natasha stares at you and mumbles some strange words.
The magic dart hits you.
Natasha is nearby!
Natasha is nearby!
Natasha is nearby!
Your primal bloodlust has ended.
Casting: Wereblood (safe; 9% risk of failure)
Confirm with . or Enter, or press ? or * to list all spells.
One of your tentacles grows a vicious spike.
Casting: Beastly Appendage (safe; 5% risk of failure)
Confirm with . or Enter, or press ? or * to list all spells.
Your blood is infused with primal strength.
Natasha wildly gestures.
Natasha's front paws start to glow.
Natasha misses you.
You miss Natasha. Your grab misses Natasha.
Your tentacle spike misses Natasha.
Natasha claws you!
You tentacle-slap Natasha. You grab Natasha.
You squeeze Natasha, but do no damage.
Natasha is moderately wounded.
You constrict Natasha. Natasha claws you!
* * * LOW HITPOINT WARNING * * *
You tentacle-slap Natasha but do no damage.
You pierce Natasha, but do no damage.
Natasha is heavily wounded.
You constrict Natasha. Natasha claws you.
You die...

#.# #.# #.# #
#.#
###h####.#
..(......#
#.#...#
#.#.#h# .
#.#.#@# .
#.#.#.# .
#.#.#.# .
#######.#.#.#
.
#.....[.#.#.#
#[#####.....#
#.#.### #.#.#
#†#.#


You could see Natasha.

Vanquished Creatures
  6 giant cockroaches (D:1)
  4 hobgoblins (D:1)
  4 kobolds (D:1)
  2 quokkas (D:1)
  A ball python (D:1)
  3 frilled lizards (D:1)
  4 goblins (D:1)
  5 rats
29 creatures vanquished.

Notes
Turn   | Place    | Note
-------+----------+-------------------------------------------
     0 | D:1      | wormed the Octopode Transmuter began the quest for the Orb.
     0 | D:1      | Reached XP level 1. HP: 13/13 MP: 3/3
    69 | D:1      | Reached XP level 2. HP: 18/18 MP: 3/5
    73 | D:1      | Learned a level 2 spell: Wereblood
   181 | D:1      | Got the Writings on the Twisted Xenolith
   344 | D:1      | You fall into a shaft and drop 1 floor!
   480 | D:1      | Reached XP level 3. HP: 23/23 MP: 0/6
   744 | D:1      | Found a faded altar of an unknown god.
   891 | D:2      | Noticed Natasha
   900 | D:2      | Slain by Natasha

Illustrated notes

Levels and vault maps discovered:
D:1:      minmay_arrival_loop, layout_basic,
          shapermc_ecumenical_altar_totnotflames
D:2:      layout_loops_ring, uniq_robin, uniq_natasha

Action                   || total
-------------------------++-------
Melee: Unarmed           ||    54
       Constrict         ||    21
       Tentacles         ||     8
       Kick              ||    16
       Punch             ||     1
 Cast: Beastly Appendage ||    19
       Wereblood         ||     7
  Use: Scroll            ||     5
 Stab: Sleeping          ||     4
Dodge: Dodged            ||    30

Table legend: (Time is in decaauts)
 A = Elapsed time spent in this place.
 B = Non-inter-level travel time spent in this place.
 C = Inter-level travel time spent in this place.
 D = Time resting spent in this place.
 E = Time spent auto-exploring this place.
 F = Levels seen in this place.
 G = Mean time per level.
                   A        B        C        D        E       F      G
               +--------+--------+--------+--------+--------+-----+--------+
         Total |    897 |    888 |      9 |      0 |    686 |   2 |  448.5 |
       Dungeon |    897 |    888 |      9 |      0 |    686 |   2 |  448.5 |
               +--------+--------+--------+--------+--------+-----+--------+

Top non-repeatable levels by time:
     D:1: 851 daAuts
     D:2: 45 daAuts
